 Dungeon Sprint DCSS version 0.18.1-48-g4cf74bf (webtiles) character file.

114972 Groucho the Impregnable (level 16, -10/169 HPs)
             Began as a Minotaur Fighter on June 26, 2016.
             Was a High Priest of Ashenzari.
             Killed from afar by an orb of fire (22 damage)
             ... with a bolt of fire
             ... in the Dungeon (Sprint V: "Ziggurat Sprint") on June 27, 2016.
             The game lasted 00:21:44 (3744 turns).

Groucho the Impregnable (Minotaur Fighter)          Turns: 3744, Time: 00:21:44

Health: -10/169    AC: 43    Str: 37    XL:     16   Next: 17%
Magic:  0/25       EV: 18    Int:  5    God:    Ashenzari [*****.]
Gold:   0          SH: 39    Dex: 20    Spells: 0 memorised, 15 levels left

rFire  + . .     SeeInvis +     a - +14 obsidian axe {chop, +Fly Str+3 SInv *Curse} (curse)
rCold  + + .     Gourm    .     b - +15 Maxwell's patent armour {-Cast -Tele rElec MR+ rCorr} (curse)
rNeg   + + .     Faith    .     c - +18 shield of the gong {rElec rN+ MR+ EV-5} (curse)
rPois  +         Spirit   +     (helmet restricted)
rElec  +         Dismiss  .     G - +1 cloak of the Trilobite {rC+ rN+ Dex+4}
rCorr  +         Reflect  .     (no gloves)
SustAt .         Harm     .     L - +2 pair of boots {Fly}
MR     +++..     Clarity  +     w - amulet of guardian spirit
Stlth  .......... NoTele   +    F - +6 ring of strength (curse) NoCast +
                                E - +6 ring of strength (curse)

@: resistant, mesmerised, very slightly contaminated, hasted, very quick,
extremely resistant to hostile enchantments, extremely unstealthy
A: retaliatory headbutt, horns 2
a: Curse Item, Scrying, Transfer Knowledge, Renounce Religion, Evoke Flight


You were in the Dungeon.
You worshipped Ashenzari.
Ashenzari was extremely pleased with you.
You were hungry.

You visited 1 branch

Inventory:

Hand Weapons
 a - the cursed +14 obsidian axe (weapon) {chop, +Fly Str+3 SInv *Curse}
   (You found it in the Dungeon)

   It inflicts extra damage upon your enemies.
   It affects your strength (+3).
   It lets you see invisible.
   It lets you fly.
   It may re-curse itself when equipped.
   It has a curse placed upon it.
Armour
 b - the cursed +15 Maxwell's patent armour (worn) {-Cast -Tele rElec MR+ rCorr}
   (You found it in the Dungeon)

   It insulates you from electricity.
   It affects your resistance to hostile enchantments.
   It prevents spellcasting.
   It prevents most forms of teleportation.
   It protects you from acid and corrosion.
   It has a curse placed upon it.
 c - the cursed +18 shield of the gong (worn) {rElec rN+ MR+ EV-5}
   (You found it in the Dungeon)

   It affects your evasion (-5).
   It insulates you from electricity.
   It protects you from negative energy.
   It affects your resistance to hostile enchantments.
   It has a curse placed upon it.
 l - a cursed +5 gold dragon armour
 G - the +1 cloak of the Trilobite (worn) {rC+ rN+ Dex+4}
   (You found it in the Dungeon)

   It affects your dexterity (+4).
   It protects you from cold.
   It protects you from negative energy.
 L - a +2 pair of boots of flying (worn)
Jewellery
 w - an amulet of guardian spirit (around neck)
 E - a cursed +6 ring of strength (left hand)
 F - a cursed +6 ring of strength (right hand)
 H - the ring of the Burgomaster {rPois Str+2}
   (You found it in the Dungeon)

   [ring of poison resistance]

   It affects your strength (+2).
   It protects you from poison.
 M - the ring "Henoteku" {Fragile rPois rN+ Str+3}
   (You found it in the Dungeon)

   [ring of poison resistance]

   It affects your strength (+3).
   It protects you from poison.
   It protects you from negative energy.
   It will be destroyed if unequipped.
 N - the ring "Zeib" {rC+ MP+9 Str+5 Slay+3}
   (You found it in the Dungeon)

   [ring of strength]

   It affects your strength (+5).
   It affects your accuracy and damage with ranged weapons and melee attacks
   (+3).
   It protects you from cold.
   It affects your magic capacity (+9).
 P - the ring "Forget-Me-Not" {rN+ MR++ Dex+2}
   (You found it in the Dungeon)

   [ring of positive energy]

   It affects your dexterity (+2).
   It protects you from negative energy.
   It affects your resistance to hostile enchantments.
 Q - the amulet "Juleurgh" {Reflect Dex+3 SH+5}
   (You took it off a vault guard in the Dungeon)

   [amulet of reflection]

   It shields you and reflects attacks.
   It affects your dexterity (+3).
   It affects your SH (+5).
 T - the ring of Shadows {Umbra +Inv rN+ SInv}
   (You found it in the Dungeon)

   [ring of positive energy]

   It protects you from negative energy.
   It lets you see invisible.
   It lets you turn invisible.
 U - the ring "Delu" {rF+ rC+++ MR+++ Int-4 Dex-5}
   (You found it in the Dungeon)

   [ring of protection from fire]

   It affects your intelligence (-4).
   It affects your dexterity (-5).
   It protects you from fire.
   It renders you almost immune to cold.
   It affects your resistance to hostile enchantments.
 V - the amulet of Brilliance {Dismiss Int+3 Stlth+}
   (You took it off a vault guard in the Dungeon)

   [amulet of dismissal]

   It may teleport away creatures that harm you.
   It affects your intelligence (+3).
   It makes you more stealthy.
 W - an uncursed ring of positive energy
 X - a +3 ring of protection
 Y - the ring of Jiumunt {+Inv MR- EV+2 Int+2}
   (You took it off a vault guard in the Dungeon)

   [ring of evasion]

   It affects your evasion (+2).
   It affects your intelligence (+2).
   It affects your resistance to hostile enchantments.
   It lets you turn invisible.
 Z - the ring "Cayshof" {rElec rPois MR+ Slay+5}
   (You found it in the Dungeon)

   [ring of slaying]

   It affects your accuracy and damage with ranged weapons and melee attacks
   (+5).
   It insulates you from electricity.
   It protects you from poison.
   It affects your resistance to hostile enchantments.
Wands
 y - a wand of disintegration (7/24)
 B - a wand of iceblast (5/15)
 C - a wand of lightning (5/15)
 D - a wand of acid (5/15)
 K - a wand of hasting (3/9)
 R - a wand of hasting (3/9)
Scrolls
 k - 4 scrolls of blinking
 r - 4 scrolls of amnesia
 s - 4 scrolls of recharging
 t - 7 scrolls of fog
 u - a scroll of holy word
 v - 5 scrolls of identify
 x - 2 scrolls of fear
 J - 2 scrolls of brand weapon
 O - 4 scrolls of enchant armour
Potions
 d - 5 potions of might
 e - 7 potions of curing
 g - a potion of heal wounds
 i - 7 potions of magic
 j - 3 potions of berserk rage
 m - 2 potions of brilliance
 n - 2 potions of invisibility
 o - 2 potions of resistance
 p - a potion of experience
 q - 7 potions of agility
Miscellaneous
 I - 4 phantom mirrors
Comestibles
 f - 4 bread rations
 z - 42 fruits
 A - 3 meat rations
 S - 3 royal jellies


   Skills:
 + Level 22.2 Fighting
 + Level 22.2(25.1) Axes
 * Level 24.5 Armour
 + Level 17.1 Dodging
 * Level 24.5(26.3) Shields
 + Level 19.2 Unarmed Combat
 * Level 14.1(16.3) Evocations


You had 15 spell levels left.
You didn't know any spells.

Dungeon Overview and Level Annotations

Branches:
Dungeon (1/1)

Altars:
Ashenzari
Cheibriados
Dithmenos
Elyvilon
Fedhas
Gozag
Kikubaaqudgha
Makhleb
Nemelex Xobeh
Okawaru
Pakellas
Qazlal
Ru
Sif Muna
Trog
Vehumet
Xom
Yredelemnul
Zin
The Shining One
Beogh
Jiyva
Lugonu


Innate Abilities, Weirdness & Mutations

You reflexively headbutt those who attack you in melee.
You have a pair of horns on your head.


Message History

Found nine items.
Drink which item? (? for menu, Esc to quit)
You feel much better.
Visions of slaying the balrug flood into your mind.
The balrug gestures at you. Something smites you!
* * * LOW HITPOINT WARNING * * *
You block the hell hound's attack.
SHROANNG!
The balrug gestures at you. Something smites you!
* * * LOW HITPOINT WARNING * * *
The fire dragon bites you but does no damage.
You block the fire dragon's attack.
GONNNNG!
The fire dragon barely misses you.
The fire giant hits you but does no damage.
The orb of fire glows bright magenta.
The bolt of fire hits you! You resist.
You die...

*,, , , , , ..........
,,))}}:}|[}....▓..........
)):.[}=:)|...▓▓▓▓▓▓▓▓▓▓▓ * ,
.......§.....▓......8©8. *,
,,..§....§.....▓..[::..}.. *
....§..2§....▓...[..)44. ,
,....RCDRE.v..▓......)}..
*,,,.....§DhCDC.v.▓..........
,,......EC*@*2v..▓..........
,.........2.C....▓.....)..).
,.........D3.....▓......))).
* ................▓......(().
*,................▓......))..
..▓.........▓...▓...▓...(..
................▓..▓▓▓.....
................▓...▓......
,................▓..........


You could see 2 orbs of fire, 5 fire giants, 4 fire dragons, 3 balrugs, 2
efreet, 2 fire elementals, 3 fire vortices, a hell hound and a friendly smoke
demon.

Vanquished Creatures
  An ancient lich (D)
  2 liches (D)
  An acid blob (D)
  4 deep elf master archers (D)
  A death cob (D)
  A thorn hunter (D)
  3 shadow dragons (D)
  A deep elf sorcerer (D)
  2 azure jellies (D)
  An orc warlord (D)
  4 fire giants (D)
  A balrug (D)
  3 reapers (D)
  3 stone giants (D)
  A green draconian (D)
  3 deep elf annihilators (D)
  A mottled draconian (D)
  A death ooze (D)
  5 fire dragons (D)
  A yaktaur captain (D)
  28 vault guards (D)
  A deep elf high priest (D)
  A great orb of eyes (D)
  3 spriggan air magi (D)
  3 dancing weapons (D)
  4 hell hogs (D)
  A thrashing horror (D)
  A spriggan berserker (D)
  An orc high priest (D)
  A deep elf knight (D)
  An iron golem (D)
  A wretched star (D)
  A spriggan druid (D)
  2 deep elf archers (D)
  2 shambling mangroves (D)
  3 hill giants (D)
  An orc knight (D)
  An orb spider (D)
  5 deep elf magi (D)
  3 hornets (D)
  A shining eye (D)
  4 draconians (D)
  A worldbinder (D)
  2 cyclopes (D)
  2 rust devils (D)
  An eye of devastation (D)
  A torpor snail (D)
  4 efreet (D)
  6 yaktaurs (D)
  A tormentor (D)
  A dryad (D)
  2 hellions (D)
  An ancient zyme (D)
  2 demonic crawlers (D)
  6 trolls (D)
  A jumping spider (D)
  4 merfolk (D)
  3 slime creatures (D)
  2 two-headed ogres (D)
  A flying skull (D)
  3 air elementals (D)
  A redback (D)
  A shadow (D)
  A spriggan (D)
  A tarantella (D)
  2 golden eyes (D)
  A water elemental (D)
  3 fire elementals (D)
  A fire bat (shapeshifter) (D)
  A hippogriff (D)
  3 steam dragons (D)
  A chaos spawn (D)
  2 mottled dragons (D)
  4 insubstantial wisps (D)
  9 hell hounds (D)
  A giant eyeball (D)
  A porcupine (shapeshifter) (D)
  A swamp drake (D)
  6 orc warriors (D)
  6 starcursed masses (D)
  8 wasps (D)
  A tengu (shapeshifter) (D)
  5 ogres (D)
  3 centaurs (D)
  A small abomination (D)
  An earth elemental (D)
  3 jellies (D)
  2 quasits (D)
  An orc priest (D)
  3 orc wizards (D)
  4 iron imps (D)
  2 shadow imps (D)
  A white imp (D)
  An ufetubus (D)
  An ooze (D)
  An adder zombie (D)
  3 orcs (D)
  A bat skeleton (D)
  A bat zombie (D)
  A giant gecko zombie (D)
  3 crawling corpses (D)
  A fire vortex (D)
247 creatures vanquished.

Vanquished Creatures (collateral kills)
  A deep elf blademaster (D)
  A green draconian (D)
  2 vault guards (D)
  A deep elf high priest (D)
  A dancing weapon (D)
  2 deep elf magi (D)
  2 draconians (D)
  A rust devil (D)
  3 yaktaurs (D)
  A raiju (D)
  2 starcursed masses (D)
  A crawling corpse (D)
18 creatures vanquished.

Vanquished Creatures (others)
  A fire dragon (D)
  A hell hog (D)
  A wyvern (D)
  An ooze (D)
  A bat skeleton (D)
  A fire vortex (D)
6 creatures vanquished.

Grand Total: 271 creatures vanquished

Notes
Turn   | Place    | Note
--------------------------------------------------------------
     0 | D        | Groucho the Minotaur Fighter began the quest for the Orb.
     0 | D        | Reached XP level 1. HP: 19/19 MP: 0/0
     4 | D        | Found a radiant altar of Vehumet.
     4 | D        | Found a shimmering altar of Xom.
     4 | D        | Found an iron altar of Okawaru.
     4 | D        | Found a burning altar of Makhleb.
     9 | D        | Became a worshipper of Ashenzari the Shackled
    20 | D        | Found a viscous altar of Jiyva.
    20 | D        | Found a roughly hewn altar of Beogh.
    20 | D        | Found a corrupted altar of Lugonu.
    20 | D        | Found a white marble altar of Elyvilon.
    20 | D        | Found a sparkling altar of Nemelex Xobeh.
    21 | D        | Found a deep blue altar of Sif Muna.
    21 | D        | Found a bloodstained altar of Trog.
    87 | D        | Entered arena 1.
    87 | D        | Noticed a yaktaur
    87 | D        | Noticed a centaur
    90 | D        | Killed a centaur
    90 | D        | Reached skill level 5 in Fighting
    90 | D        | Reached skill level 5 in Axes
    90 | D        | Reached skill level 5 in Armour
    90 | D        | Reached skill level 5 in Shields
    90 | D        | Reached XP level 2. HP: 30/30 MP: 1/1
    90 | D        | Reached XP level 3. HP: 37/37 MP: 2/2
    90 | D        | Reached XP level 4. HP: 44/44 MP: 3/3
    97 | D        | Killed a yaktaur
    97 | D        | Reached XP level 5. HP: 53/53 MP: 4/4
    97 | D        | Reached XP level 6. HP: 61/61 MP: 5/5
   210 | D        | Reached * piety under Ashenzari
   210 | D        | Entered arena 2.
   210 | D        | Noticed a porcupine
   212 | D        | Noticed a fire bat
   212 | D        | a scorpion changed into a fire bat
   215 | D        | Killed a porcupine
   216 | D        | Reached XP level 7. HP: 69/69 MP: 6/6
   217 | D        | Killed a fire bat
   217 | D        | Reached skill level 5 in Dodging
   217 | D        | Reached skill level 5 in Unarmed Combat
   283 | D        | Entered arena 3.
   283 | D        | Noticed a yaktaur
   283 | D        | Noticed a yaktaur
   283 | D        | Noticed a yaktaur
   289 | D        | Killed a yaktaur
   289 | D        | Reached skill level 10 in Fighting
   289 | D        | Reached skill level 10 in Shields
   289 | D        | Killed a yaktaur
   289 | D        | Reached skill level 10 in Axes
   289 | D        | Reached skill level 10 in Armour
   289 | D        | Reached XP level 8. HP: 58/80 MP: 3/7
   293 | D        | Killed a yaktaur
   296 | D        | Got the +1 cloak of the Trilobite {rC+ rN+ Dex+4}
   509 | D        | Entered arena 4.
   518 | D        | Got the ring of the Unkillable {*Corrode MR+ Dex+5 SInv}
   520 | D        | Entered arena 5.
   520 | D        | Noticed an air elemental
   524 | D        | Killed an air elemental
   524 | D        | Reached XP level 9. HP: 85/89 MP: 8/8
   537 | D        | Entered arena 6.
   537 | D        | Noticed a merfolk
   537 | D        | Noticed a merfolk
   537 | D        | Noticed a merfolk
   537 | D        | Noticed a merfolk
   542 | D        | Killed a merfolk
   544 | D        | Killed a merfolk
   550 | D        | Killed a merfolk
   553 | D        | Killed a merfolk
   557 | D        | Got the ring of the Burgomaster {rPois Str+2}
   564 | D        | Reached ** piety under Ashenzari
   564 | D        | Entered arena 7.
   578 | D        | Entered arena 8.
   582 | D        | Reached XP level 10. HP: 100/100 MP: 9/9
   601 | D        | Entered arena 9.
   634 | D        | Entered arena 10.
   634 | D        | Noticed a death cob
   634 | D        | Noticed a green draconian
   634 | D        | Noticed a draconian
   634 | D        | Noticed a draconian
   634 | D        | Noticed a mottled draconian
   634 | D        | Noticed a draconian
   634 | D        | Noticed a draconian
   634 | D        | Noticed a draconian
   634 | D        | Noticed a draconian
   641 | D        | Killed a draconian
   642 | D        | Killed a death cob
   650 | D        | Killed a draconian
   651 | D        | Killed a draconian
   651 | D        | Killed a draconian
   654 | D        | Killed a green draconian
   654 | D        | Reached XP level 11. HP: 29/111 MP: 5/10
   655 | D        | Killed a mottled draconian
  1075 | D        | Got the ring "Henoteku" {Fragile rPois rN+ Str+3}
  1077 | D        | Got the ring "Zeib" {rC+ MP+9 Str+5 Slay+3}
  1080 | D        | Reached *** piety under Ashenzari
  1080 | D        | Entered arena 11.
  1080 | D        | Noticed a spriggan air mage
  1080 | D        | Noticed a spriggan berserker
  1080 | D        | Noticed a spriggan air mage
  1080 | D        | Noticed a spriggan air mage
  1081 | D        | Noticed a shambling mangrove
  1081 | D        | Noticed a spriggan rider
  1081 | D        | Noticed a thorn hunter
  1081 | D        | Noticed a shambling mangrove
  1081 | D        | Noticed a spriggan druid
  1085 | D        | Killed a spriggan berserker
  1085 | D        | Reached skill level 15 in Fighting
  1085 | D        | Reached skill level 15 in Axes
  1085 | D        | Reached skill level 15 in Armour
  1085 | D        | Reached skill level 10 in Dodging
  1085 | D        | Reached skill level 15 in Shields
  1086 | D        | Killed a spriggan air mage
  1086 | D        | Reached skill level 10 in Unarmed Combat
  1088 | D        | Killed a spriggan air mage
  1088 | D        | Killed a spriggan druid
  1091 | D        | Killed a spriggan air mage
  1092 | D        | Killed a thorn hunter
  1097 | D        | Killed a shambling mangrove
  1097 | D        | Reached XP level 12. HP: 63/122 MP: 6/11
  1118 | D        | Entered arena 12.
  1118 | D        | Noticed an orc high priest
  1119 | D        | Noticed an orc warlord
  1133 | D        | Killed an orc warlord
  1138 | D        | Killed an orc high priest
  1390 | D        | Entered arena 13.
  1417 | D        | Got the ring "Forget-Me-Not" {rN+ MR++ Dex+2}
  1506 | D        | Entered arena 14.
  1507 | D        | Noticed a starcursed mass
  1508 | D        | Noticed a green draconian
  1524 | D        | Killed a green draconian
  1776 | D        | Entered arena 15.
  1777 | D        | Noticed an azure jelly
  1777 | D        | Noticed a death ooze
  1778 | D        | Noticed an azure jelly
  1778 | D        | Noticed a great orb of eyes
  1778 | D        | Noticed an acid blob
  1784 | D        | Killed a great orb of eyes
  1784 | D        | Reached XP level 13. HP: 124/134 MP: 10/12
  1785 | D        | Killed an azure jelly
  1789 | D        | Killed a death ooze
  1789 | D        | Killed an acid blob
  1791 | D        | Killed an azure jelly
  1928 | D        | Reached **** piety under Ashenzari
  1928 | D        | Entered arena 16.
  1956 | D        | Entered arena 17.
  1959 | D        | Noticed a reaper
  1960 | D        | Noticed a reaper
  1960 | D        | Noticed a reaper
  1986 | D        | Killed a reaper
  1989 | D        | Killed a reaper
  1993 | D        | Killed a reaper
  2217 | D        | Entered arena 18.
  2220 | D        | Noticed a vault guard
  2220 | D        | Noticed a vault guard
  2220 | D        | Noticed a shadow dragon
  2220 | D        | Noticed a vault guard
  2220 | D        | Noticed a vault guard
  2220 | D        | Noticed a vault guard
  2220 | D        | Noticed a vault guard
  2220 | D        | Noticed a stone giant
  2220 | D        | Noticed a vault guard
  2220 | D        | Noticed a vault guard
  2221 | D        | Noticed a vault guard
  2221 | D        | Noticed a vault guard
  2221 | D        | Noticed a vault guard
  2221 | D        | Noticed a vault guard
  2221 | D        | Noticed a vault guard
  2221 | D        | Noticed a vault guard
  2221 | D        | Noticed a vault guard
  2221 | D        | Noticed a vault guard
  2227 | D        | Killed a vault guard
  2227 | D        | Reached skill level 1 in Evocations
  2228 | D        | Killed a vault guard
  2229 | D        | Killed a vault guard
  2230 | D        | Killed a vault guard
  2230 | D        | Reached XP level 14. HP: 111/147 MP: 11/15
  2239 | D        | Killed a shadow dragon
  2239 | D        | Reached skill level 5 in Evocations
  2239 | D        | Reached skill level 15 in Unarmed Combat
  2242 | D        | Killed a stone giant
  2514 | D        | Got the ring of Bowool {rElec MR- Str+2 Int+2 Stlth+}
  2541 | D        | Reached ***** piety under Ashenzari
  2541 | D        | Entered arena 19.
  2550 | D        | Noticed a fire giant
  2550 | D        | Noticed a fire giant
  2552 | D        | Noticed a fire giant
  2553 | D        | Identified a +3 rod of shadows (8/13)
  2565 | D        | Killed a fire giant
  2566 | D        | Killed a fire giant
  2574 | D        | Killed a fire giant
  3055 | D        | Got the ring "Delu" {rF+ rC+++ MR+++ Int-4 Dex-5}
  3061 | D        | Entered arena 20.
  3065 | D        | Noticed a shadow dragon
  3065 | D        | Noticed a lich
  3066 | D        | Noticed a stone giant
  3066 | D        | Noticed an ancient lich
  3066 | D        | Noticed a shadow dragon
  3067 | D        | Identified the +7 arbalest "Rouhijel" {velocity, rPois MP+9 Int-2 Stlth+}
  3067 | D        | Noticed a lich
  3068 | D        | Noticed a stone giant
  3074 | D        | Killed a shadow dragon
  3075 | D        | Reached skill level 15 in Dodging
  3076 | D        | Killed a lich
  3077 | D        | Reached XP level 15. HP: 156/157 MP: 19/21
  3086 | D        | Killed a lich
  3086 | D        | Reached skill level 10 in Evocations
  3089 | D        | Killed a shadow dragon
  3091 | D        | Noticed a Brimstone Fiend
  3098 | D        | Killed an ancient lich
  3117 | D        | Got the amulet "Juleurgh" {Reflect Dex+3 SH+5}
  3117 | D        | Got the amulet of Brilliance {Dismiss Int+3 Stlth+}
  3128 | D        | Got the ring of Jiumunt {+Inv MR- EV+2 Int+2}
  3150 | D        | Entered arena 21.
  3154 | D        | Noticed a deep elf master archer
  3154 | D        | Noticed a deep elf master archer
  3154 | D        | Noticed a deep elf blademaster
  3154 | D        | Noticed a deep elf master archer
  3155 | D        | Noticed a deep elf sorcerer
  3156 | D        | Noticed a deep elf master archer
  3170 | D        | Killed a deep elf master archer
  3170 | D        | Killed a deep elf blademaster
  3172 | D        | Killed a deep elf master archer
  3185 | D        | Killed a deep elf master archer
  3192 | D        | Killed a deep elf sorcerer
  3193 | D        | HP: 7/160 [deep elf mage/bolt of cold (3)]
  3198 | D        | Killed a deep elf master archer
  3200 | D        | Reached XP level 16. HP: 19/169 MP: 3/25
  3202 | D        | HP: 8/169 [poisoned by a trident of venom]
  3227 | D        | Got the ring "Cayshof" {rElec rPois MR+ Slay+5}
  3715 | D        | Entered arena 22.
  3726 | D        | Noticed an orb of fire
  3728 | D        | Noticed an orb of fire
  3743 | D        | HP: 5/169 [orb of fire/bolt of fire (22)]
  3744 | D        | Killed from afar by an orb of fire

Skill      XL: |  1  2  3  4  5  6  7  8  9 10 11 12 13 14 15 16 |
---------------+-------------------------------------------------+-----
Fighting       | 5 8 10 11 12 14 16 17 19 20 22 | 22.2
Axes           | 5 7 8 10 11 12 14 16 17 19 20 22 | 22.2
Armour         | 5 8 10 11 12 14 16 17 19 21 24 | 24.5
Dodging        | 2 4 6 8 9 10 12 13 15 16 17 | 17.1
Shields        | 5 8 10 11 12 14 16 17 19 21 24 | 24.5
Unarmed Combat | 2 4 6 8 9 10 12 14 16 19 | 19.2
Evocations     | 2 9 13 14 | 14.1

Action                   |  1- 3 |  4- 6 |  7- 9 | 10-12 | 13-15 | 16-18 || total
-------------------------+-------+-------+-------+-------+-------+-------++-------
Melee: Broad axe         |     2 |     6 |    37 |   110 |   177 |    27 ||   359
       Headbutt          |     1 |     3 |     6 |    32 |    53 |     8 ||   103
Invok: Curse Item        |     5 |       |       |       |       |       ||     5
  Use: Potion            |       |       |       |     4 |    12 |     5 ||    21
 Stab: Distracted        |       |       |       |       |     3 |     2 ||     5
       Petrifying        |       |       |       |       |     1 |       ||     1
  Eat: Meat ration       |       |       |       |     1 |       |       ||     1
       Bread ration      |       |       |       |       |     1 |       ||     1
Armor: Plate armour      |     1 |     7 |    13 |    53 |    60 |     8 ||   142
Dodge: Dodged            |       |       |    14 |    32 |    52 |    12 ||   110
Block: Shield            |     4 |    13 |    69 |   187 |   309 |    26 ||   608
